 Dungeon Crawl Stone Soup version 0.17-a0-1831-gaadb308 (webtiles) character file.

39 luca467 the Sneak (level 3, 28/28 HPs)
             Began as a Demonspawn Assassin on Sept 14, 2015.
             Quit the game on level 2 of the Dungeon.
             The game lasted 00:07:21 (1209 turns).

luca467 the Sneak (Demonspawn Assassin)             Turns: 1209, Time: 00:07:21

Health: 28/28      AC:  3    Str: 11    XL:     3   Next: 26%
Magic:  3/3        EV: 12    Int: 12    God:
Gold:   73         SH:  0    Dex: 15    Spells: 0 memorised, 2 levels left

rFire  . . .     SeeInvis .     a - +2 dagger
rCold  . . .     Clarity  .     c - +0 robe
rNeg   . . .     SustAt   .     (no shield)
rPois  .         Gourm    .     (no helmet)
rElec  .         Spirit   .     d - +0 cloak
rCorr  .         Warding  .     (no gloves)
rMut   .         Stasis   .     (no boots)
MR     .....                    (no amulet)
Stlth  +++.......               (no ring)
                                (no ring)

@: not resistant to hostile enchantments, fairly stealthy
A: powered by pain 1
a: no special abilities


You were on level 2 of the Dungeon.
You were not hungry.

You visited 1 branch of the dungeon, and saw 3 of its levels.

You collected 73 gold pieces.

Inventory:

Hand weapons
 a - a +2 dagger (weapon)
 b - a +0 blowgun
 k - a +4 short sword
 l - a +0 dagger of draining
Missiles
 e - 7 poisoned needles
 f - 2 curare-tipped needles
Armour
 c - a +0 robe (worn)
 d - a +0 cloak (worn)
Scrolls
 j - a scroll of enchant armour {unknown}
 m - a scroll of identify {unknown}
 n - a scroll of random uselessness {unknown}
Potions
 h - a potion of lignification {unknown}
 i - 3 potions of curing {unknown}
Comestibles
 g - 2 bread rations


   Skills:
 + Level 2.3 Fighting
 + Level 2.3 Short Blades
 + Level 2.1 Throwing
 + Level 1.2 Dodging
 + Level 3.9 Stealth


You had 2 spell levels left.
You didn't know any spells.

Dungeon Overview and Level Annotations

Branches:
Dungeon (3/15)

Altars:
Kikubaaqudgha
Nemelex Xobeh


Innate Abilities, Weirdness & Mutations

You sometimes gain a little power by taking damage.


Message History

You continue eating. x2
Found an ancient bone altar of Kikubaaqudgha.
Miasma emanates from the human's flesh. x2
The human is engulfed in dark miasma.
The human is poisoned.
The human is engulfed in dark miasma.
The human looks even sicker.
The human seems to slow down.
The human dies!
The human rises from the dead!
HP restored.
Found an escape hatch in the floor.
There is an escape hatch in the floor here.
g - 2 bread rations (gained 1)
You see here a whip.
Found a short sword.
You see here a short sword.
A goblin comes into view. It is wielding a dagger.
The helpless goblin fails to defend itself.
You impale the goblin!!
You kill the goblin!
Are you sure you want to abandon this character and quit the game? (Confirm with "yes".)

.. .. ####.#
#....# ....
##.######
#....@).#
#.#..##.#
#.....# #
#.###.#####.#
#.#.........#
.....#.#######
##.###.# ..
#.# #.# #. #.#
#.#


There were no monsters in sight!

Vanquished Creatures
  An adder (D:2)
  An ooze (D:1)
  A giant gecko (D:1)
  4 bats (D:1)
  A giant cockroach (D:1)
  5 goblins
  3 hobgoblins (D:1)
  5 kobolds (D:1)
  A ball python (D:1)
  6 rats
28 creatures vanquished.

Vanquished Creatures (others)
  A human (D:2)
1 creature vanquished.

Grand Total: 29 creatures vanquished

Notes
Turn   | Place    | Note
--------------------------------------------------------------
     0 | D:1      | luca467 the Demonspawn Assassin began the quest for the Orb.
     0 | D:1      | Reached XP level 1. HP: 16/16 MP: 1/1
    52 | D:1      | Found a sparkling altar of Nemelex Xobeh.
    99 | D:1      | Reached skill level 1 in Dodging
   113 | D:1      | Gained mutation: You sometimes gain a little power by taking damage. [demonic ancestry]
   113 | D:1      | Reached XP level 2. HP: 11/22 MP: 2/2
   857 | D:1      | Reached XP level 3. HP: 25/27 MP: 3/3
  1088 | D:2      | Found an ancient bone altar of Kikubaaqudgha.
  1090 | D:2      | Noticed a human
  1091 | D:2      | Killed a human
  1209 | D:2      | Quit the game

Vault maps used:
D:1:      dpeg_arrival_castle, nemelex_xobeh_ov_fountains_minmay
D:2:      kennysheep_six_static_rooms, grunt_temple_overflow_open, first_bread,
          tgw_kikubaaqudgha
D:3:      vehumet_crystals

Action                   || total
-------------------------++-------
Melee: Dagger            ||    70
       Short sword       ||    16
 Fire: Blowgun           ||     4
 Stab: Sleeping          ||     3
  Eat: Chunk             ||     1
